 Dungeon Crawl Stone Soup version 0.30-a0-918-g0ff054e9dc (webtiles) character file.

Game seed: 8319830302778883073

328 cforsyth the Covered (level 6, -1/49 HPs)
             Began as a Human Fighter on Mar 21, 2023.
             Killed by divine providence
             ... invoked by an orc priest
              (11 damage)
             ... on level 3 of the Dungeon.
             The game lasted 00:03:44 (2397 turns).

cforsyth the Covered (Human Fighter)                Turns: 2397, Time: 00:03:45

Health: -1/49      AC:  9    Str: 18    XL:     6   Next: 80%
Magic:  6/6        EV:  9    Int:  9    God:
Gold:   101        SH:  5    Dex: 12    Spells: 5/5 levels left

rFire   . . .      SeeInvis .    a - +0 flail
rCold   . . .      Faith    .    c - +0 buckler
rNeg    . . .      Spirit   .    b - +0 scale mail
rPois   .          Reflect  .    j - +0 helmet
rElec   .          Rampage  .    n - +0 cloak
rCorr   .                        (no gloves)
Will    .....                    (no boots) Stlth
                                 (no amulet)
HPRegen 0.28/turn                (no ring)
MPRegen 0.10/turn                (no ring)

@: mighty
A: no striking features
a: no special abilities


You were on level 3 of the Dungeon.
You visited 1 branch of the dungeon, and saw 3 of its levels.

You collected 101 gold pieces.

Inventory:

Hand Weapons
 a - a +0 flail (weapon)
Armour
 b - a +0 scale mail (worn)
 c - a +0 buckler (worn)
 j - a +0 helmet (worn)
 n - a +0 cloak (worn)
Wands
 s - a wand of flame (9)
Scrolls
 f - a scroll of enchant weapon {unknown}
 g - 3 scrolls of immolation {unknown}
 h - 3 scrolls of magic mapping {unknown}
 i - 4 scrolls of amnesia {unknown}
 k - 4 scrolls of identify {unknown}
 l - a scroll of fear {unknown}
 m - a scroll of torment {unknown}
 o - a scroll of vulnerability {unknown}
 r - a scroll of fog {unknown}
Potions
 d - 4 potions of might
 e - 2 potions of heal wounds {unknown}
 p - a potion of resistance {unknown}
 q - a potion of invisibility {unknown}


   Skills:
 + Level 4.3 Fighting
 + Level 3.6 Maces & Flails
 + Level 4.3 Armour
 + Level 4.3 Shields


You had 5 spell levels left.
You didn't know any spells.
Your spell library contained the following spells:

 Spells                   Type           Power      Damage    Failure   Level
 Slow                     Hex            0%         N/A       85%         1
 Summon Small Mammal      Summ           0%         N/A       85%         1
 Call Canine Familiar     Summ           0%         N/A       99%         3
 Confusing Touch          Hex            0%         N/A       99%         3
 Summon Guardian Golem    Hex/Summ       0%         N/A       99%         3
 Vampiric Draining        Necr           0%         2d6       99%         3


Dungeon Overview and Level Annotations

Branches:
Dungeon (3/15)

Altars:

Shops:
D:1 ![([


Message History

Press: ? - help, Shift-Dir - straight line, f/p - Ijyb
Aim: Ijyb, wielding a +0 club, wearing a +0 chain mail and carrying a wand of digging (6) (heavily wounded, 68% to hit)
The puff of flame hits Ijyb.
Ijyb is heavily wounded.
The orc priest calls upon Beogh to heal the orc.
The orc's wounds heal themselves!
Ijyb barely misses you.
Aiming: Throw Flame
Press: ? - help, Shift-Dir - straight line, f/p - Ijyb
Aim: Ijyb, wielding a +0 club, wearing a +0 chain mail and carrying a wand of digging (6) (heavily wounded, 68% to hit)
The puff of flame hits Ijyb.
Ijyb is severely wounded.
Ijyb hits you but does no damage.
Aiming: Throw Flame
Press: ? - help, Shift-Dir - straight line, f/p - Ijyb
Aim: Ijyb, wielding a +0 club, wearing a +0 chain mail and carrying a wand of digging (6) (severely wounded, 68% to hit)
The puff of flame hits Ijyb.
Ijyb is severely wounded.
You block Ijyb's attack.
Aiming: Throw Flame
Press: ? - help, Shift-Dir - straight line, f/p - Ijyb
Aim: Ijyb, wielding a +0 club, wearing a +0 chain mail and carrying a wand of digging (6) (severely wounded, 68% to hit)
The puff of flame hits Ijyb but does no damage.
Ijyb is severely wounded.
Ijyb hits you with a +0 club.
You feel very mighty all of a sudden.
The orc priest looks braver for a moment.
Ijyb hits you but does no damage.
You completely miss Ijyb.
Ijyb is severely wounded.
You block Ijyb's attack. Ijyb barely misses you.
The orc priest invokes the aid of Beogh against you.
Beogh smites you!
* * * LOW HITPOINT WARNING * * *
You sock Ijyb!
You kill Ijyb!
You thump the orc!
You kill the orc!
The orc priest mumbles some strange prayers to Beogh against you.
Beogh smites you!
You die...

#.# #.####..# #.#
#.####..# #.# #+ #+#
#.##....# .# ##. #.#
#.......# ####..# #.#
####.#### .....[.##.##
#.# .......#.S.## #.#
.........#..########.#
........###Soo)@.....#
#......#.#o###########
#######.#.# ##o.# ##.#
.# oo .# .#


You could see an orc priest, 2 orcs and a ball python.

Vanquished Creatures
  Grinder (D:3)
  Ijyb (D:3)
  Robin (D:2)
  A gnoll (D:1)
  2 adders (D:2)
  2 dart slugs
  An orc (D:3)
  10 ball pythons
  5 bats
  6 endoplasms
  4 giant cockroaches
  8 hobgoblins
  2 jackals (D:1)
  3 kobolds
  2 quokkas (D:2)
  4 frilled lizards
  12 goblins
  7 rats
72 creatures vanquished.

Notes
Turn   | Place    | Note
-------+----------+-------------------------------------------
     0 | D:1      | cforsyth the Human Fighter began the quest for the Orb.
     0 | D:1      | Reached XP level 1. HP: 18/18 MP: 1/1
    62 | D:1      | Reached XP level 2. HP: 12/24 MP: 2/2
   201 | D:1      | Reached XP level 3. HP: 29/29 MP: 3/3
   316 | D:1      | Found Fennat's Distillery.
   568 | D:1      | Found Hafeomog's Armour Shop.
   605 | D:1      | Found a faded altar of an unknown god.
   606 | D:1      | Found Satizekk's Weapon Shoppe.
   895 | D:1      | Found Tadiups's Antique Armour Shop.
  1112 | D:2      | Reached XP level 4. HP: 11/35 MP: 4/4
  1441 | D:2      | Noticed Robin
  1536 | D:2      | Killed Robin
  1827 | D:2      | Reached XP level 5. HP: 38/42 MP: 5/5
  1943 | D:3      | Noticed Grinder
  2140 | D:3      | Paralysed by Grinder for 3 turns
  2148 | D:3      | Killed Grinder
  2149 | D:3      | Reached XP level 6. HP: 27/48 MP: 6/6
  2361 | D:3      | Noticed Ijyb
  2396 | D:3      | Killed Ijyb
  2397 | D:3      | Killed from afar by an orc priest

Illustrated notes

Levels and vault maps discovered:
D:1:      minmay_arrival_plants_in_alcoves, layout_basic,
          chequers_ecumenical_altar_simple, serial_shops,
          nicolae_shop_hallway_stairs, shop, shop,
          nicolae_shop_bloodbath_and_beyond, nrook_mini_vaults
D:2:      layout_rooms, uniq_robin
D:3:      layout_loops_corners, nicolae_hepliaklqana_monster_ancestors,
          marbit_many_paths, grunt_ministairs_13, uniq_ijyb, uniq_grinder,
          uniq_jessica, uniq_natasha

Skill      XL: |  1  2  3  4  5 |
---------------+----------------+-----
Fighting       | 4 |  4.3
Maces & Flails | 3 |  3.6
Armour         | 4 |  4.3
Shields        | 4 |  4.3

Action                     |  1- 3 |  4- 6 || total
---------------------------+-------+-------++-------
  Melee: Flail             |   106 |   137 ||   243
  Evoke: Wand              |       |     7 ||     7
    Use: Potion            |       |     1 ||     1
 Armour: Scale mail        |    66 |    77 ||   143
  Dodge: Dodged            |    62 |    82 ||   144
  Block: Buckler           |    30 |    50 ||    80

Table legend: (Time is in decaauts)
 A = Elapsed time spent in this place.
 B = Non-inter-level travel time spent in this place.
 C = Inter-level travel time spent in this place.
 D = Time resting spent in this place.
 E = Time spent auto-exploring this place.
 F = Levels seen in this place.
 G = Mean time per level.
                   A        B        C        D        E       F      G
               +--------+--------+--------+--------+--------+-----+--------+
         Total |   2476 |   2430 |     46 |    449 |   1380 |   3 |  825.3 |
       Dungeon |   2476 |   2430 |     46 |    449 |   1380 |   3 |  825.3 |
               +--------+--------+--------+--------+--------+-----+--------+

Top non-repeatable levels by time:
     D:1: 1531 daAuts
     D:2: 598 daAuts
     D:3: 346 daAuts
